 Dungeon Crawl Stone Soup version 0.32-a0-411-g744942f433 (webtiles) character file.

Game seed: 16261945537220893342

1126 dialectric the Trooper (level 8, -1/63 HPs)
             Began as a Coglin Fighter on Feb 21, 2024.
             Engulfed by a steam dragon's steam (12 damage)
             ... on level 6 of the Dungeon.
             The game lasted 00:05:12 (4040 turns).

dialectric the Trooper (Coglin Fighter)             Turns: 4040, Time: 00:05:12

Health: -1/63      AC:  5    Str: 25    XL:     8   Next: 35%
Magic:  8/8        EV: 14    Int:  9    God:
Gold:   19         SH:  0    Dex: 17    Spells: 7/7 levels left

rFire   . . .        a - +0 war axe {Hugo}
rCold   . . .        r - +0 dagger (venom) {Leticia}
rNeg    . . .        H - +2 robe of the Baker {Int+2 Dex+3 Slay+3}
rPois   .            (no helmet)
rElec   .            (no cloak)
rCorr   .            (no gloves)
SInv    +            E - +0 pair of boots
Will    .....        (no amulet)
Stlth   ++           p - +6 ring of strength
HPRegen 0.30/turn    A - ring of see invisible
MPRegen 0.11/turn

%: no passive effects
@: immotile, revved
A: off-hand wielding, slow wielding, warmup strikes, legs shutdown
a: no special abilities


You were on level 6 of the Dungeon.
You visited 1 branch of the dungeon, and saw 6 of its levels.
You also visited: Sewer.

You collected 173 gold pieces.
You spent 154 gold pieces at shops.

Inventory:

Hand Weapons
 a - a +0 war axe (weapon) {Hugo}
 r - a +0 dagger of venom (offhand) {Leticia}
 B - a +0 spear
Missiles
 u - 3 poisoned darts
 G - 5 curare-tipped darts (quivered)
Armour
 b - a +0 scale mail
 c - a +0 buckler
 d - a +0 troll leather armour {Pargi}
 E - a +0 pair of boots (worn)
 H - the +2 robe of the Baker (worn) {Int+2 Dex+3 Slay+3}
   (You found it on level 6 of the Dungeon)

   Int+2:     It affects your intelligence (+2).
   Dex+3:     It affects your dexterity (+3).
   Slay+3:    It affects your accuracy & damage with ranged weapons and melee
   (+3).
Jewellery
 i - a ring of ice
 p - a +6 ring of strength (left grasper)
 A - a ring of see invisible (right grasper)
 D - a ring of magical power
Talismans
 x - a maw talisman
Wands
 y - a wand of charming (31)
Scrolls
 f - 4 scrolls of teleportation {unknown}
 g - 2 scrolls of fear {unknown}
 h - a scroll of fog {unknown}
 k - a scroll of amnesia {unknown}
 o - 2 scrolls of identify {unknown}
 s - 3 scrolls of enchant weapon {unknown}
 z - 2 scrolls of immolation {unknown}
Potions
 e - 2 potions of brilliance {unknown}
 j - a potion of experience {unknown}
 l - a potion of resistance {unknown}
 m - a potion of curing
 n - 3 potions of attraction {unknown}
 q - 3 potions of cancellation {unknown}
 t - a potion of magic {unknown}
 v - a potion of ambrosia {unknown}
 w - a potion of haste {unknown}
 F - 2 potions of mutation {unknown}


   Skills:
 + Level 5.5 Fighting
 + Level 5.0 Axes
 + Level 5.0 Armour
 * Level 4.4 Dodging
 - Level 2.1 Shields


You had 7 spell levels left.
You didn't know any spells.
Your spell library contained the following spells:

 Spells                   Type           Power      Damage    Failure   Level
 Necrotise                Necr           0%         1d4       38%         1
 Fugue of the Fallen      Necr           0%         N/A       77%         3
 Ozocubu's Armour         Ice            0%         N/A       77%         3
 Vampiric Draining        Necr           0%         2d6       77%         3
 Manifold Assault         Tloc           0%         N/A       99%         4
 Martyr's Knell           Necr/Summ      0%         N/A       99%         4
 Passage of Golubria      Tloc           0%         N/A       99%         4
 Curse of Agony           Necr           0%         N/A       100%        5
 Silence                  Hex/Air        0%         N/A       100%        5
 Summon Forest            Summ/Tloc      0%         N/A       100%        5
 Eringya's Noxious Bog    Alch           0%         4d6       100%        6
 Summon Hydra             Summ           0%         N/A       100%        7
 Lehudib's Crystal Spear  Conj/Erth      0%         10d2      100%        8


Dungeon Overview and Level Annotations

Branches:
Dungeon (6/15)             Temple (0/1) D:6           Sewer (visited)

Altars:

Shops:
D:5 (!=


Innate Abilities, Weirdness & Mutations

You can wield a second weapon in your off-hand.
It takes a long time for you to wield or remove held weapons.
Your first few attacks do less damage.
Attacking and casting redirects power from your legs.


Message History

You slash the white imp with your +0 war axe!
You hit Sigmund but do no damage.
You are engulfed in a cloud of scalding steam.
The white imp hits you but does no damage.
The steam dragon bites you.
* * * LOW HITPOINT WARNING * * *
The steam dragon closely misses you. Sigmund misses you.
You feel much better.
You are engulfed in a cloud of scalding steam.
You are no longer unable to travel.
The white imp hits you but does no damage.
The steam dragon breathes steam at you. The ball of steam hits you!
* * * LOW HITPOINT WARNING * * *
Sigmund closely misses you.
Unknown command.
You feel much better.
You are engulfed in a cloud of scalding steam.
The steam dragon closely misses you. x2; The white imp closely misses you.
You barely miss Sigmund with your +0 war axe.
Sigmund is almost dead.
You slash the steam dragon with your +0 war axe!
You hit the white imp with your +0 war axe.
You kill the white imp!
You closely miss Sigmund with your +0 dagger of venom.
You are engulfed in a cloud of scalding steam.
* * * LOW HITPOINT WARNING * * *
The steam dragon barely misses you. The steam dragon claws you.
* * * LOW HITPOINT WARNING * * *
Sigmund hits you with a +0 scythe.
* * * LOW HITPOINT WARNING * * *
Unknown command.
You hit the steam dragon with your +0 war axe.
The steam dragon is heavily wounded.
You slash Sigmund with your +0 war axe!
You kill Sigmund!
You hit the steam dragon with your +0 dagger of venom.
The steam dragon is poisoned.
You are engulfed in a cloud of scalding steam.
You die...

#............. #..
#............. ###.
#............. #...
#......[......
####.##
##..........(.
####..(.## #...(.
#....#### ##.....
##.####
.....#)#######..#
#..D@.§.#...## #
##..§§§.#.##.......
#...)......[......
#..........#######
...........###
########..## #..#
#..# ####


You could see a steam dragon (very poisoned).

Vanquished Creatures
  Sigmund (D:6)
  A water moccasin (D:5)
  Pargi (Sewer)
  An ice beast (D:6)
  A black bear (D:4)
  A brain worm (Sewer)
  A scorpion (D:5)
  A howler monkey (D:4)
  A hound (D:5)
  A bombardier beetle (D:5)
  An orc priest (D:3)
  4 sleepcaps
  An iguana (D:5)
  Ijyb (D:4)
  An orc wizard (D:3)
  3 gnolls (D:4)
  A river rat (D:3)
  9 adders
  A white imp (D:6)
  2 ufetubi (D:5)
  A ribbon worm (D:3)
  A dart slug (D:2)
  3 orcs
  3 endoplasms
  A giant cockroach (D:3)
  12 goblins
  5 hobgoblins
  5 jackals
  2 quokkas (D:3)
  4 ball pythons
  4 frilled lizards (Sewer)
  3 kobolds (D:3)
  11 rats
89 creatures vanquished.

Vanquished Creatures (others)
  A centaur (D:6)
1 creature vanquished.

Grand Total: 90 creatures vanquished

Notes
Turn   | Place    | Note
-------+----------+-------------------------------------------
     0 | D:1      | dialectric the Coglin Fighter began the quest for the Orb.
     0 | D:1      | Reached XP level 1. HP: 18/18 MP: 1/1
   429 | D:2      | Reached XP level 2. HP: 24/24 MP: 2/2
   802 | D:2      | Reached skill level 1 in Dodging
   802 | D:2      | Reached XP level 3. HP: 29/29 MP: 3/3
  1054 | D:3      | Reached XP level 4. HP: 35/35 MP: 4/4
  1110 | D:3      | Reached XP level 5. HP: 36/42 MP: 5/5
  1149 | D:3      | Found a glowing drain.
  1153 | Sewer    | Entered a sewer
  1266 | Sewer    | Noticed Pargi
  1273 | Sewer    | Killed Pargi
  1274 | Sewer    | Reached XP level 6. HP: 46/48 MP: 6/6
  1957 | D:4      | Noticed a black bear
  1964 | D:4      | Killed a black bear
  1965 | D:4      | Reached XP level 7. HP: 45/55 MP: 7/7
  2419 | D:4      | Noticed Ijyb
  2440 | D:4      | Killed Ijyb
  2701 | D:5      | Entered Level 5 of the Dungeon
  2725 | D:5      | Reached skill level 5 in Fighting
  3186 | D:5      | Found Pycym's Distillery.
  3196 | D:5      | Bought a potion of heal wounds for 55 gold pieces
  3196 | D:5      | Bought a potion of curing for 33 gold pieces
  3478 | D:5      | Reached XP level 8. HP: 62/62 MP: 8/8
  3594 | D:5      | Found Zocounau's Weapon Boutique.
  3602 | D:5      | Bought 5 curare-tipped darts for 66 gold pieces
  3803 | D:5      | Found Zehejeoch's Jewellery Emporium.
  3853 | D:6      | Noticed Sigmund
  3950 | D:6      | Found a staircase to the Ecumenical Temple.
  3961 | D:6      | Reached skill level 5 in Axes
  3961 | D:6      | Reached skill level 5 in Armour
  3964 | D:6      | Identified the +2 robe of the Baker {Int+2 Dex+3 Slay+3}
  4040 | D:6      | Killed Sigmund
  4040 | D:6      | Engulfed by a steam dragon's steam

Illustrated notes

Levels and vault maps discovered:
D:1:      dpeg_arrival_water_fire, layout_basic, serial_shops, shop
D:2:      layout_loops_ring, minmay_rat_gold_closets
D:3:      layout_basic, gup_sewer_entry_bowl, grunt_decor_cap,
          kennysheep_generic_room_3
D:4:      kennysheep_goblin_castle, layout_basic
D:5:      layout_loops_corners, serial_shops, nicolae_shop_tiny_waterfront,
          nicolae_lakefront_shop, kennysheep_mini_moat, hangedman_decor_riveting
D:6:      layout_rooms, kennysheep_mini, temple_fountains, uniq_sigmund

Skill      XL: |  1  2  3  4  5  6  7  8 |
---------------+-------------------------+-----
Armour         | 3 4 5 |  5.0
Dodging        | 1 2 3 4 |  4.4
Axes           | 3 4 5 |  5.0
Fighting       | 4 5 |  5.5
Shields        | |  2.1

Action                     |  1- 3 |  4- 6 |  7- 9 || total
---------------------------+-------+-------+-------++-------
  Melee: War axe           |    54 |    54 |   116 ||   224
         Dagger            |       |    47 |   101 ||   148
    Use: Potion            |       |     1 |     4 ||     5
 Armour: Scale mail        |    32 |    26 |    85 ||   143
         Robe              |       |       |    26 ||    26
  Dodge: Dodged            |    21 |    40 |    95 ||   156

Table legend: (Time is in decaauts)
 A = Elapsed time spent in this place.
 B = Non-inter-level travel time spent in this place.
 C = Inter-level travel time spent in this place.
 D = Time resting spent in this place.
 E = Time spent auto-exploring this place.
 F = Levels seen in this place.
 G = Mean time per level.
                   A        B        C        D        E       F      G
               +--------+--------+--------+--------+--------+-----+--------+
         Total |   4114 |   3986 |    128 |      3 |   3239 |   7 |  587.7 |
       Dungeon |   3932 |   3804 |    128 |      3 |   3156 |   6 |  655.3 |
         Sewer |    182 |    182 |      0 |      0 |     83 |   1 |  182.0 |
               +--------+--------+--------+--------+--------+-----+--------+

Top non-repeatable levels by time:
     D:5: 1180 daAuts
     D:4: 906 daAuts
     D:3: 735 daAuts
     D:2: 668 daAuts
     D:1: 276 daAuts
   Sewer: 182 daAuts
     D:6: 164 daAuts
